 Dungeon Sprint DCSS version 0.28-a0-407-g69098e2f6d (webtiles) character file.

Game seed: 15434075906744421610

24 dolemite99 the Chopper (level 2, 0/26 HPs)
             Began as a Minotaur Fighter on Sept 6, 2021.
             Slain by a water elemental (12 damage)
             ... in the Dungeon (Sprint III: "The Ten Rune Challenge").
             The game lasted 00:01:40 (371 turns).

dolemite99 the Chopper (Minotaur Fighter)            Turns: 371, Time: 00:01:41

Health: 0/26       AC:  6    Str: 20    XL:     2   Next: 79%
Magic:  1/1        EV:  9    Int:  5    God:
Gold:   23         SH:  4    Dex:  9    Spells: 1/1 levels left

rFire   . . .      SeeInvis .   a - +0 war axe
rCold   . . .      Faith    .   c - +0 buckler
rNeg    . . .      Spirit   .   b - +0 scale mail
rPois   .          Reflect  .   (helmet restricted)
rElec   .          Harm     .   (no cloak)
rCorr   .          Rampage  .   (no gloves)
Will    .....      NoTele   +   (no boots)
Stlth   ..........              (no amulet)
HPRegen 0.08/turn               (no ring)
MPRegen 0.07/turn               (no ring)

@: no status effects
A: horns 2, retaliatory headbutt
a: no special abilities


You were in the Dungeon.
You visited 1 branch You collected 23 gold pieces.

Inventory:

Hand Weapons
 a - a +0 war axe (weapon)
Missiles
 k - 19 arrows
Armour
 b - a +0 scale mail (worn)
 c - a +0 buckler (worn)
Scrolls
 j - a scroll of blinking
 o - a scroll of holy word
Potions
 d - a potion of might
 e - 3 potions of curing
 f - a potion of heal wounds
 g - 3 potions of mutation
 h - 2 potions of magic
 i - a potion of berserk rage
 n - a potion of lignification
 p - a potion of haste


   Skills:
 - Level 3.6 Fighting
 + Level 7.2 Axes
 - Level 3.6 Armour
 - Level 3.6 Shields


You had one spell level left.
You didn't know any spells.
Your spell library was empty.

Dungeon Overview and Level Annotations

Branches:
Dungeon (1/1)

Altars:


Innate Abilities, Weirdness & Mutations

You have a pair of horns on your head.
You reflexively headbutt those who attack you in melee.


Message History

You now have 23 gold pieces (gained 14).
g - a glowing inky potion;
l - a scroll labelled OGRAMA JOHID
m - 2 scrolls of identify {@r1};
n - an amethyst potion
e - 3 potions of curing (gained 1)
Your extra speed is starting to run out.
g - 2 glowing inky potions (gained 1);
o - a scroll labelled GUPUSTUDES
m - 3 scrolls of identify {@r1} (gained 1)
g - 3 glowing inky potions (gained 1);
p - a potion of haste
As you read the scroll of identify {@r1}, it crumbles to dust.
g - 3 potions of mutation
As you read the scroll of identify {@r1}, it crumbles to dust.
n - a potion of lignification
As you read the scroll of identify {@r1}, it crumbles to dust.
o - a scroll of holy word You feel yourself slow down.
As you read the scroll labelled OGRAMA JOHID, it crumbles to dust.
Your body is wracked with pain!
It was a scroll of torment.
You start resting.
You start resting.
You start resting.
HP restored.
There is an open door here.
You enter the shallow water.
Moving in this stuff is going to be slow.
You enter the shallow water.
Moving in this stuff is going to be slow.
As you open the door, it creaks loudly!
A water elemental comes into view.
You hit the water elemental.
Your headbutt misses the water elemental.
The water elemental is moderately damaged.
The water elemental barely misses you.
You closely miss the water elemental.
The water elemental is moderately damaged.
The water elemental hits you! The water elemental hits you.
You barely miss the water elemental.
The water elemental is moderately damaged.
The water elemental hits you!
You die...

▓▓▓▓▓▓▓▓▓▓▓▓ ▓▓▓
<.#..'.....♣ ♣.#
..#..#....♣♣♣ ♣.#
#'####......♣ ♣.#
..†..#....≈.♣ ♣♣.# #+#+#
.....#...≈≈♣♣♣♣..#......
.....#..≈≈≈≈..♣♣@E.⌠....
####'#..≈≈≈≈≈≈.♣.#...###
....†#.≈≈≈≈≈≈....# ⌠.#
.....#.≈≈≈≈≈.....# .#
.....#.≈≈≈.......# #
'#####...........#
.................#
▓▓▓▓▓▓▓▓▓▓▓▓▓▓▓▓▓▓


You could see a water elemental.

Vanquished Creatures
  A human (D)
  A phantom (D)
  An endoplasm (D)
  3 rats (D)
6 creatures vanquished.

Vanquished Creatures (others)
  2 plants (D)
2 creatures vanquished.

Grand Total: 8 creatures vanquished

Notes
Turn   | Place    | Note
-------+----------+-------------------------------------------
     0 | D        | dolemite99 the Minotaur Fighter began the quest for the
                  | Orb.
     0 | D        | Reached XP level 1. HP: 19/19 MP: 0/0
     4 | D        | Reached skill level 3 in Axes
    13 | D        | Reached skill level 4 in Axes
   168 | D        | Reached skill level 7 in Axes
   168 | D        | Reached XP level 2. HP: 26/26 MP: 1/1
   367 | D        | Noticed a water elemental
   371 | D        | Slain by a water elemental

Illustrated notes

Levels and vault maps discovered:
D:        dungeon_sprint_mu [sprint_mu_entry_forest, sprint_mu_temple_rooms,
          sprint_mu_d1_spiders, sprint_mu_d2_genie, sprint_mu_d3_branching,
          sprint_mu_orc_legion, sprint_mu_elf_gauntlet, sprint_mu_hive_nellie,
          sprint_mu_lair_fedhas, sprint_mu_vaults_butterflies,
          sprint_mu_slime_circle, sprint_mu_swamp_cave, sprint_mu_snake_twists,
          sprint_mu_blade_basic, sprint_mu_crypt_fortress,
          sprint_mu_tomb_spiral, sprint_mu_vestibule_basic,
          sprint_mu_gehenna_hellfire, sprint_mu_dis_giant,
          sprint_mu_tartarus_statrot, sprint_mu_cocytus_islands, sprint_mu_zot1]

Skill      XL: |  1 |
---------------+----+-----
Axes           | 7 |  7.2
Fighting       | |  3.6
Armour         | |  3.6
Shields        | |  3.6

Action                   || total
-------------------------++-------
Melee: War axe           ||    16
       Headbutt          ||     2
  Use: Potion            ||     1
       Scroll            ||     4
Armor: Scale mail        ||     4
Dodge: Dodged            ||     4
Block: Buckler           ||     2

Table legend: (Time is in decaauts)
 A = Elapsed time spent in this place.
 B = Non-inter-level travel time spent in this place.
 C = Inter-level travel time spent in this place.
 D = Time resting spent in this place.
 E = Time spent auto-exploring this place.
 F = Levels seen in this place.
 G = Mean time per level.
                   A        B        C        D        E       F      G
               +--------+--------+--------+--------+--------+-----+--------+
         Total |    362 |    362 |      0 |    268 |     29 |   1 |  362.0 |
       Dungeon |    362 |    362 |      0 |    268 |     29 |   1 |  362.0 |
               +--------+--------+--------+--------+--------+-----+--------+

Top non-repeatable levels by time:
       D: 362 daAuts
